 Dungeon Crawl Stone Soup version 0.22-a0-253-gf9d0ce5 (webtiles) character file.

2267 mortelune the Chiller (level 9, -7/57 HPs)
             Began as a Demonspawn Ice Elementalist on Mar 3, 2018.
             Was an Initiate of Ashenzari.
             Mangled by Grum
             ... wielding a +1 spear
              (10 damage)
             ... on level 8 of the Dungeon.
             The game lasted 00:33:23 (12068 turns).

mortelune the Chiller (DsIE)                       Turns: 12068, Time: 00:33:24

Health: -7/57      AC:  6    Str: 15    XL:     9   Next: 16%
Magic:  0/18       EV: 12    Int: 19    God:    Ashenzari [......]
Gold:   294        SH:  0    Dex: 15    Spells: 7/21 levels left

rFire    x . .     SeeInvis .   C - +3 battleaxe
rCold    + . .     Gourm    .   (shield currently unavailable)
rNeg     . . .     Faith    .   a - +1 robe
rPois    .         Spirit   +   (helmet restricted)
rElec    .         Reflect  .   F - +0 cloak (curse)
rCorr    .         Harm     .   (no gloves)
MR       .....                  J - +1 pair of boots
Stlth    ++........             A - amulet of magic regeneration (curse)
HPRegen  0.19/turn              z - ring of ice (curse)
MPRegen  0.57/turn              D - ring "Pouthoske" {Str+5 Dex+2}

@: very slightly contaminated
A: horns 2, powered by pain 1, magic shield, magic regeneration
a: Curse Item, Renounce Religion


You were on level 8 of the Dungeon.
You worshipped Ashenzari.
Ashenzari was noncommittal.
You were not hungry.

You visited 2 branches of the dungeon, and saw 9 of its levels.

You collected 294 gold pieces.

Inventory:

Hand Weapons
 d - a +0 short sword
 f - a +0 whip
 g - a +0 flail
 s - a +0 morningstar
 C - a +3 battleaxe (weapon)
 I - a +1 battleaxe of flaming
Missiles
 K - 6 curare-tipped needles
Armour
 a - a +1 robe (worn)
 o - the +7 scale mail "Rytyin" {rPois Regen+ Dex+3}
   (You found it on level 5 of the Dungeon)

   It affects your dexterity (+3).
   It protects you from poison.
   It increases your rate of regeneration.
 F - a cursed +0 cloak (worn)
 J - a +1 pair of boots (worn)
Jewellery
 e - a +3 ring of dexterity
 z - a cursed ring of ice (left hand)
 A - a cursed amulet of magic regeneration (around neck)
 D - the ring "Pouthoske" (right hand) {Str+5 Dex+2}
   (You found it on level 6 of the Dungeon)

   [ring of dexterity]

   It affects your strength (+5).
   It affects your dexterity (+2).
 E - an uncursed ring of poison resistance
Wands
 h - a wand of polymorph (15)
 l - a wand of enslavement (8)
 y - a wand of random effects (46)
Scrolls
 k - a scroll of enchant armour
 n - a scroll of fear {unknown}
 p - 2 scrolls of enchant weapon
 q - a scroll of remove curse
 t - a scroll of blinking {unknown}
 B - a scroll of magic mapping {unknown}
 G - a scroll of identify
 H - 2 scrolls of amnesia {unknown}
Potions
 b - a potion of might {unknown}
 i - 3 potions of agility
 j - 2 potions of invisibility
 m - a potion of brilliance {unknown}
 r - a potion of lignification
 u - a potion of flight {unknown}
 v - a potion of magic {unknown}
 w - a potion of curing {unknown}
 x - a potion of berserk rage {unknown}
Comestibles
 c - 4 rations


   Skills:
 - Level 1.7 Dodging
 - Level 1.7 Stealth
 + Level 6.5 Spellcasting
 + Level 6.4 Conjurations
 + Level 7.7 Ice Magic


You had 7 spell levels left.
You knew the following spells:

 Your Spells              Type           Power        Failure   Level  Hunger
a - Freeze                Ice            ####         1%          1    None
b - Throw Frost           Conj/Ice       #####.       1%          2    None
c - Ozocubu's Armour      Chrm/Ice       ####....     6%          3    ##.....
d - Summon Ice Beast      Ice/Summ       ####....     22%         4    ####...
e - Throw Icicle          Conj/Ice       #####...     5%          4    ####...


Dungeon Overview and Level Annotations

Branches:
Dungeon (8/15)             Temple (1/1) D:7
   Lair: D:8-11

Altars:
Ashenzari
Cheibriados
Dithmenos
Fedhas
Gozag
Hepliaklqana
Kikubaaqudgha
Vehumet
Wu Jian

Annotations:
D:2 Sigmund
D:8 Erica, Grum


Innate Abilities, Weirdness & Mutations

You have a pair of horns on your head.
You sometimes gain a little power by taking damage.
When hurt, damage is shared between your health and your magic reserves.
You regenerate magic rapidly.


Message History

Casting: Throw Frost (safe; 1% risk of failure)
Confirm with . or Enter, or press ? or * to list all spells.
Aiming: Freeze (safe; 1% risk of failure)
Press: ? - help, Shift-Dir - straight line, f - hound, p - Grum
Aim: a hound You feel a surge of power!
You freeze the hound.
The hound is moderately wounded.
The hound completely misses you.
Your ice beast barely misses the wolf.
The wolf bites your ice beast but does no damage.
Grum hits you from afar with an enchanted spear!
* * * LOW HITPOINT WARNING * * *
Your ice beast hits Grum.
Your ice beast freezes Grum!
The hound closely misses you.
As you read the scroll labeled VUMAFI GASAFE, it crumbles to dust.
It is a scroll of identify.
j - 2 potions of invisibility The wolf barely misses your ice beast.
Your ice beast hits the wolf.
Your ice beast freezes the wolf!
Grum hits you from afar with an enchanted spear!
You die...

#.##.##.#
#.##.##.##
#.##.....
#.##.##.#####
#.#...#......
#...#........
###.5.#.#####.#
#h#Yhh.......
#@Yg#.###....
#####.# . #.#
#g# #.. ###


You could see Grum, 2 wolves, a hound, a shadow imp and 2 friendly ice beasts.

Vanquished Creatures
  2 black bears
  A necrophage (D:8)
  2 sky beasts
  A phantom (D:6)
  2 ogres
  2 centaurs
  3 bullfrogs
  2 scorpions
  4 wights (D:6)
  A crimson imp (D:6)
  2 hounds
  A jelly (D:7)
  2 orc priests
  5 orc wizards
  A bullfrog skeleton (D:6)
  A centaur skeleton (D:4)
  An iguana (D:8)
  3 worker ants
  A killer bee zombie (D:3)
  2 hound zombies
  A howler monkey zombie (D:8)
  A gnoll (D:7)
  5 adders
  A shadow imp (D:5)
  An ooze (D:1)
  An adder skeleton (D:8)
  A worm (D:2)
  A dart slug (D:2)
  4 leopard geckos
  20 orcs
  5 bats
  3 giant cockroaches
  7 goblins
  6 hobgoblins
  8 jackals
  9 kobolds
  4 quokkas
  A ball python (D:6)
  2 frilled lizards
  3 leopard gecko skeletons
  7 rats
130 creatures vanquished.

Vanquished Creatures (collateral kills)
  A hungry ghost (D:6)
  3 orc warriors
  A wight (D:6)
  A quasit (D:8)
  3 gnolls (D:7)
  An orc (D:6)
  A jackal (D:6)
11 creatures vanquished.

Grand Total: 141 creatures vanquished

Notes
Turn   | Place    | Note
-------+----------+-------------------------------------------
     0 | D:1      | mortelune the Demonspawn Ice Elementalist began the quest for the Orb.
     0 | D:1      | Reached XP level 1. HP: 13/13 MP: 3/3
   104 | D:1      | Reached skill level 3 in Ice Magic
   702 | D:2      | Gained mutation: You sometimes gain a little power by taking damage. [demonic ancestry]
   702 | D:2      | Reached XP level 2. HP: 19/19 MP: 3/5
   706 | D:2      | Learned a level 2 spell: Throw Frost
  1518 | D:2      | Gained mutation: When hurt, damage is shared between your health and your magic reserves. [demonic ancestry]
  1518 | D:2      | Reached XP level 3. HP: 21/24 MP: 1/6
  1756 | D:2      | Found a faded altar of an unknown god.
  2528 | D:2      | Reached skill level 4 in Ice Magic
  2528 | D:2      | Reached XP level 4. HP: 13/30 MP: 0/8
  2801 | D:2      | Noticed Sigmund
  3162 | D:3      | Learned a level 3 spell: Ozocubu's Armour
  3824 | D:3      | You fall through a shaft for 3 floors!
  3896 | D:6      | Noticed a bullfrog
  3907 | D:6      | Killed a bullfrog
  3907 | D:6      | Reached XP level 5. HP: 20/35 MP: 1/9
  4140 | D:6      | Learned a level 4 spell: Summon Ice Beast
  4229 | D:6      | Noticed a sky beast
  4270 | D:5      | Entered Level 5 of the Dungeon
  4319 | D:5      | Got a diamond-encrusted scale mail
  4427 | D:4      | Found a hazy altar of Hepliaklqana.
  5037 | D:3      | HP: 1/35 [killer bee zombie (5)]
  5055 | D:3      | HP: 1/35 [killer bee zombie (7)]
  5586 | D:4      | Noticed an ogre
  5618 | D:4      | Found a blossoming altar of Fedhas.
  5737 | D:4      | Reached skill level 5 in Ice Magic
  5737 | D:4      | Reached XP level 6. HP: 41/41 MP: 3/11
  7254 | D:5      | Gained mutation: You have a pair of small horns on your head. [demonic ancestry]
  7254 | D:5      | Reached XP level 7. HP: 32/46 MP: 4/13
  7840 | D:4      | Found a snail-covered altar of Cheibriados.
  8097 | D:5      | Found an opulent altar of Gozag.
  8186 | D:6      | Reached skill level 6 in Ice Magic
  8782 | D:6      | Reached skill level 5 in Spellcasting
  8782 | D:6      | Gained mutation: You regenerate magic rapidly. [demonic ancestry]
  8782 | D:6      | Reached XP level 8. HP: 48/52 MP: 7/15
  8885 | D:6      | Got a slimy granite ring
  8886 | D:6      | Identified the ring "Pouthoske" {Str+5 Dex+2} (You found it on level 6 of the Dungeon)
  9215 | D:6      | Found a shadowy altar of Dithmenos.
  9234 | D:6      | Reached skill level 5 in Conjurations
  9783 | D:7      | Found an ornate altar of the Wu Jian Council.
  9843 | D:7      | Learned a level 4 spell: Throw Icicle
  9890 | D:7      | Found a staircase to the Ecumenical Temple.
  9897 | Temple   | Entered the Ecumenical Temple
  9923 | Temple   | Became a worshipper of Ashenzari the Shackled
  9936 | Temple   | Identified the +7 scale mail "Rytyin" {rPois Regen+ Dex+3} (You found it on level 5 of the Dungeon)
  9986 | D:7      | Reached skill level 7 in Ice Magic
 11143 | D:7      | Found an ancient bone altar of Kikubaaqudgha.
 11174 | D:7      | Found a radiant altar of Vehumet.
 11354 | D:8      | Gained mutation: You have a pair of horns on your head. [demonic ancestry]
 11354 | D:8      | Reached XP level 9. HP: 57/57 MP: 9/18
 11711 | D:8      | Noticed Erica
 12052 | D:8      | Noticed Grum
 12068 | D:8      | Mangled by Grum

Vault maps used:
D:1:      sevenhm_arrival_forest_fort_large_2, grunt_decor_one_mirror,
          item_on_display_a
D:2:      chequers_ecumenical_altar_simple_redux, uniq_sigmund
D:4:      kennysheep_mini, fedhas_altar_1, st_stairs_8, kennysheep_small_spiral,
          cheibriados_altar_1
D:5:      marbit_many_paths, first_ration
D:6:      grunt_dithmenos_shadows
D:7:      lemuel_round_altar, minitemple, temple_statues
D:8:      hangedman_pestilent_swarm, uniq_grum, uniq_erica
Temple:   regret_index_temple_generic_petals

Skill      XL: |  1  2  3  4  5  6  7  8 |
---------------+-------------------------+-----
Ice Magic      | 3 4 5 6 7 |  7.7
Spellcasting   | 3 4 5 6 |  6.5
Conjurations   | 2 3 4 6 |  6.4
Dodging        | |  1.7
Stealth        | |  1.7

Action                   |  1- 3 |  4- 6 |  7- 9 || total
-------------------------+-------+-------+-------++-------
Melee: Unarmed           |     7 |       |       ||     7
       Short sword       |     9 |       |       ||     9
       Flail             |       |    38 |       ||    38
       Morningstar       |       |       |    65 ||    65
       Headbutt          |       |       |    13 ||    13
       Battleaxe         |       |       |     6 ||     6
 Cast: Freeze            |    53 |    65 |    80 ||   198
       Throw Frost       |     6 |    31 |    44 ||    81
       Ozocubu's Armour  |       |     5 |    18 ||    23
       Summon Ice Beast  |       |       |    25 ||    25
       Throw Icicle      |       |       |    21 ||    21
Invok: Curse Item        |       |       |     3 ||     3
  Use: Scroll            |     1 |     1 |     3 ||     5
       Potion            |       |     3 |     1 ||     4
 Stab: Distracted        |       |       |     1 ||     1
  Eat: Chunk             |     6 |     9 |    14 ||    29
       Ration            |       |     2 |     5 ||     7
Armor: Robe              |    20 |    11 |    85 ||   116
       Skin              |       |    31 |       ||    31
Dodge: Dodged            |    59 |    63 |   160 ||   282

Table legend:
 A = Spawn XP
 B = Non-spawn XP
 C = Spawn XP percentage of total XP
 D = Spawn monster count
 E = Non-spawn monster count
 F = Spawn count percentage of total count
 G = Total turns spent on level
                    A         B        C        D         E        F      G
               +---------+---------+-------+---------+---------+-------+---------
         Total |       0 |    3239 |   0.0 |       0 |     141 |   0.0 | 12068
               +---------+---------+-------+---------+---------+-------+---------
           D:1 |       0 |      24 |   0.0 |       0 |      11 |   0.0 |   592
           D:2 |       0 |      77 |   0.0 |       0 |      24 |   0.0 |  2563
           D:3 |       0 |      82 |   0.0 |       0 |      24 |   0.0 |  1768
           D:4 |       0 |     263 |   0.0 |       0 |       7 |   0.0 |  1190
           D:5 |       0 |     335 |   0.0 |       0 |      12 |   0.0 |  1588
           D:6 |       0 |    1436 |   0.0 |       0 |      36 |   0.0 |  2843
           D:7 |       0 |     536 |   0.0 |       0 |      17 |   0.0 |   704
           D:8 |       0 |     486 |   0.0 |       0 |      10 |   0.0 |   746
               +---------+---------+-------+---------+---------+-------+---------
